 Dungeon Crawl Stone Soup version 0.19.5 (webtiles) character file.

149 equalderp2856 the Scratcher (level 5, -1/24 HPs)
             Began as a Felid Fighter on Mar 14, 2017.
             Killed from afar by an orc wizard (7 damage)
             ... with a puff of flame
             ... on level 4 of the Dungeon.
             The game lasted 00:09:18 (3839 turns).

equalderp2856 the Scratcher (Felid Fighter)         Turns: 3839, Time: 00:09:19

Health: -1/24      AC:  2    Str: 13    XL:     5   Next: 9%
Magic:  8/8        EV: 20    Int: 10    God:
Gold:   148        SH:  0    Dex: 16    Spells: 2 memorised, 2 levels left
                                        Lives:  0   Deaths: 1

rFire  . . .     SeeInvis +       - Unarmed
rCold  . . .     Gourm    .     (armour unavailable)
rNeg   . . .     Faith    .     (shield unavailable)
rPois  .         Spirit   .     (helmet unavailable)
rElec  .         Reflect  .     (cloak unavailable)
rCorr  .         Harm     .     (gloves unavailable)
MR     .....                    (boots unavailable)
Stlth  +++.......               (no amulet)
                                (no ring)
                                (no ring)

@: quick
A: no armour, no weapons or thrown items, stealth, claws 1, fangs 3, see
invisible, carnivore 3, speed 1, shaggy fur 2, slow metabolism 1, sharp paws
a: no special abilities


You were on level 4 of the Dungeon.
You were not hungry.

You visited 1 branch of the dungeon, and saw 4 of its levels.

You collected 148 gold pieces.

Inventory:

Missiles
 r - 58 arrows
Jewellery
 j - a +5 ring of evasion {unknown}
 m - an uncursed amulet of harm {unknown}
Scrolls
 c - 4 scrolls of identify {unknown}
 d - 2 scrolls of recharging {unknown}
 e - 3 scrolls of magic mapping {unknown}
 n - a scroll of teleportation {unknown}
 o - a scroll of random uselessness {unknown}
Potions
 a - 2 potions of might
 g - a potion of lignification {unknown}
 h - a potion of berserk rage {unknown}
 k - a potion of mutation {unknown}
 t - a potion of curing {unknown}
 u - a potion of brilliance {unknown}
 v - a potion of cancellation
Books
 i - a book of Misfortune

   Spells                             Type                      Level
   a - Confusing Touch                Hexes                        1
   b - Confuse                        Hexes                        3
   c - Gell's Gravitas                Hexes/Translocation          3
   d - Petrify                        Transmutation/Earth          4
   e - Metabolic Englaciation         Hexes/Ice                    5
   f - Yara's Violent Unravelling     Hexes/Transmutation          5
Comestibles
 b - 2 meat rations
 l - a beef jerky
 p - 2 bread rations
 q - a slice of pizza
 w - 3 fruits


   Skills:
 + Level 3.2 Fighting
 + Level 5.2 Dodging
 + Level 3.5 Stealth
 + Level 5.5 Unarmed Combat
 + Level 1.3 Spellcasting
 + Level 2.7 Hexes


You had 2 spell levels left.
You knew the following spells:

 Your Spells              Type           Power        Failure   Level  Hunger
a - Confusing Touch       Hex            #.....       12%         1    ##.....
b - Confuse               Hex            #.......     34%         3    ####...


Dungeon Overview and Level Annotations

Branches:
Dungeon (4/15)
 Temple: D:4-7

Altars:
Fedhas
Uskayaw


Innate Abilities, Weirdness & Mutations

You cannot wear armour.
You are incapable of wielding weapons or throwing items.
Your paws allow you to move quietly. (Stealth)
You have sharp claws.
You have razor-sharp teeth.
You have supernaturally acute eyesight. (SInv)
You are carnivorous and can eat meat at any time.
You cover ground quickly.
You are covered in thick fur. (AC +2)
You have a slow metabolism.
Your sharp claws are effective at attacking unaware monsters.


Message History

A quokka comes into view.
You see here 18 arrows.
The quokka closely misses you.
You closely miss the quokka. The quokka bites you.
The quokka completely misses you.
You barely miss the quokka. The quokka bites you.
The orc wizard casts a spell at you. The puff of frost hits you!
The orc wizard closely misses you. The orc wizard misses you.
The orc wizard misses you.
The quokka twitches its whiskers.
The orc wizard misses you. The orc wizard casts a spell at you.
The magic dart hits you!
* * * LOW HITPOINT WARNING * * *
There is a stone staircase leading up here.
The orc wizard gestures at you while chanting.
The puff of flame hits you!
You die...

... o.##. #..
.. ..... ...
###.. ..#.#
#.#> .....
..#.# ...
....# #.#.#
..# ... #...#
.#.#
#.###..##.##.#
#.........##.#
####.((#####@#
#.....ro..#
##..#####..#
#..[..# ####
#..##....#
#.## ###.#
#.#####.# ..
........#
#.#.....#


You could see an orc wizard and a quokka.

Vanquished Creatures
  Grinder (D:3)
  Robin (D:3)
  An adder (D:2)
  3 dart slugs
  4 leopard geckos
  An orc (D:3)
  2 giant cockroaches
  13 goblins
  10 hobgoblins
  5 kobolds
  2 quokkas
  A ball python (D:2)
  8 bats
  5 frilled lizards
  8 rats
65 creatures vanquished.

Notes
Turn   | Place    | Note
-------+----------+-------------------------------------------
     0 | D:1      | equalderp2856 the Felid Fighter began the quest for the Orb.
     0 | D:1      | Reached XP level 1. HP: 10/10 MP: 2/2
   250 | D:1      | Reached XP level 2. HP: 14/14 MP: 3/3
   784 | D:2      | Noticed a dagger
   785 | D:2      | Found a hide-covered altar of Uskayaw.
   785 | D:2      | Noticed a hand axe
  1048 | D:1      | Learned a level 1 spell: Confusing Touch
  1051 | D:2      | Reached XP level 3. HP: 17/17 MP: 2/4
  1510 | D:3      | Reached skill level 1 in Hexes
  1737 | D:3      | Noticed Grinder
  1740 | D:3      | Paralysed by Grinder for 2 turns
  2131 | D:2      | Found a blossoming altar of Fedhas.
  2260 | D:2      | Reached skill level 1 in Spellcasting
  2598 | D:2      | Reached XP level 4. HP: 21/21 MP: 6/6
  2776 | D:2      | Learned a level 3 spell: Confuse
  2914 | D:3      | Killed Grinder
  2914 | D:3      | Reached skill level 5 in Dodging
  2914 | D:3      | Reached skill level 5 in Unarmed Combat
  2914 | D:3      | Reached XP level 5. HP: 24/24 MP: 6/8
  3109 | D:3      | Noticed Robin
  3128 | D:3      | Gained mutation: You are covered in thick fur. (AC +2) [Felid growth]
  3128 | D:3      | Reached XP level 6. HP: 28/28 MP: 9/9
  3705 | D:3      | Killed Robin
  3807 | D:4      | HP: 1/28 [orc priest/divine providence (14)]
  3812 | D:4      | Slain by a hound
  3813 | D:4      | Reached XP level 5. HP: -4/24 MP: 8/8
  3839 | D:4      | Killed from afar by an orc wizard

Skill      XL: |  1  2  3  4 |
---------------+-------------+-----
Hexes          | 2 |  2.7
Spellcasting   | 1 |  1.3
Dodging        | 5 |  5.2
Stealth        | 3 |  3.5
Unarmed Combat | 5 |  5.5
Fighting       | |  3.2

Action                   |  1- 3 |  4- 6 || total
-------------------------+-------+-------++-------
Melee: Unarmed           |   133 |    62 ||   195
       Punch             |     4 |     2 ||     6
       Bite              |     4 |     2 ||     6
 Cast: Confusing Touch   |     1 |     1 ||     2
  Use: Potion            |       |     2 ||     2
       Scroll            |       |     1 ||     1
 Stab: Sleeping          |     5 |       ||     5
       Confused          |       |     3 ||     3
  Eat: Chunk             |    10 |       ||    10
Armor: Skin              |     9 |     6 ||    15
Dodge: Dodged            |   145 |    61 ||   206
